 Dungeon Crawl Stone Soup version 0.28-a0-503-g83f2989fac (webtiles) character file.

Game seed: 5101783602973167809

3190 Sargento the Slasher (level 9, -14/79 HPs)
             Began as a Minotaur Berserker on Sept 20, 2021.
             Was a Priest of Trog.
             Demolished by a skeletal warrior (21 damage)
             ... while paralysed by a hornet
             ... on level 7 of the Dungeon.
             The game lasted 00:20:54 (6244 turns).

Sargento the Slasher (Minotaur Berserker)           Turns: 6244, Time: 00:21:24

Health: -14/79     AC: 17    Str: 22    XL:     9   Next: 64%
Magic:  8/8        EV:  2    Int:  4    God:    Trog [***...]
Gold:   187        SH:  0    Dex: 13    Spells: 8/8 levels left

rFire   . . .      SeeInvis .   a - +0 falchion
rCold   . . .      Faith    .   (no shield)
rNeg    . . .      Spirit   .   l - +0 plate armour
rPois   .          Reflect  .   w - +1 hat
rElec   .          Harm     .   y - +2 cloak
rCorr   .          Rampage  .   (no gloves)
Will    .....                   (no boots)
Stlth   ..........              (no amulet)
HPRegen 0.23/turn               F - ring of flight {+Fly, !d}
MPRegen 0.11/turn               (no ring)

@: paralysed, lethally poisoned (-14 -> -22), on berserk cooldown, flying,
slowed
A: horns 2, retaliatory headbutt
a: Renounce Religion, Berserk, Trog's Hand


You were on level 7 of the Dungeon.
You worshipped Trog.
Trog was most pleased with you.
You visited 1 branch of the dungeon, and saw 7 of its levels.

You collected 291 gold pieces.
You spent 104 gold pieces at shops.


Innate Abilities, Weirdness & Mutations

You have a pair of horns on your head.
You reflexively headbutt those who attack you in melee.


   Skills:
 + Level 7.5 Fighting
 + Level 7.6 Long Blades
 + Level 5.3 Throwing
 + Level 7.2 Armour
 + Level 6.4 Dodging
 + Level 6.3 Shields


You had 8 spell levels left.
You didn't know any spells.
Your spell library was empty.

Inventory:

Hand Weapons
 a - a +0 falchion (weapon)
Armour
 f - a +0 ring mail
   (You found it on level 1 of the Dungeon)
 l - a +0 plate armour (worn)
   (You found it on level 1 of the Dungeon)
 r - a +0 helmet
   (You found it on level 3 of the Dungeon)
 w - a +1 hat (worn)
   (You found it on level 5 of the Dungeon)
 y - a +2 cloak (worn)
   (You took it off Crazy Yiuf on level 5 of the Dungeon)
Jewellery
 e - a +4 ring of evasion
   (You found it on level 6 of the Dungeon)
 h - a ring of ice {rC+, rF-}
   (You found it on level 1 of the Dungeon)
 F - a ring of flight (left hand) {+Fly, !d}
   (You found it on level 1 of the Dungeon)
Wands
 u - a wand of charming (8)
   (You found it on level 4 of the Dungeon)
 x - a wand of iceblast (21)
   (You found it on level 5 of the Dungeon)
Scrolls
 b - a scroll of immolation {!r, unknown}
 c - 2 scrolls of summoning {!r, unknown}
 g - 5 scrolls of identify {!r, unknown}
 i - 3 scrolls of enchant armour {!r, unknown}
 k - 4 scrolls of acquirement {!r, unknown}
 m - 4 scrolls of teleportation {!r, unknown}
 n - 4 scrolls of magic mapping {!r, unknown}
 o - 3 scrolls of enchant weapon {!r, unknown}
 s - 2 scrolls of noise {!r, unknown}
 t - 3 scrolls of amnesia {!r, unknown}
 v - a scroll of torment {!r, unknown}
 B - a scroll of brand weapon {!r, unknown}
Potions
 d - 4 potions of lignification {unknown}
 j - 7 potions of curing
 p - a potion of heal wounds
 q - a potion of haste {unknown}
 z - a potion of degeneration {unknown}
 A - 2 potions of brilliance {unknown}

Dungeon Overview and Level Annotations

Branches:
Dungeon (7/15)
 Temple: D:4-7

Altars:
Ashenzari
Cheibriados
Dithmenos
Fedhas
Makhleb
Qazlal
Sif Muna
Uskayaw
Yredelemnul

Shops:
D:5 !

Annotations:
D:7 1 runed translucent door, clopto's ghost, amateur TrFi

#.yz# . ##.#@# . ........#
.#..#y##. ........#
#....zyy.# .........
#....F...# .........
.....Z...# ........#
#..P.Pz.# ....!...#
##..._..<#
.#...#..###...Po...# ####
.. #.......Z.....y# .....
......#............#..#+#?
....###....<..#.##...##.##
..........)z....##..##...#
.....#....)...####.##.....
...# #..).)...# #.#⌠.!♣!.
.. #.......## #.##.....
#.#.###.# ...##...#


You could see 3 skeletal warriors, a hornet, 3 vampire mosquitoes, a bullfrog,
an orc and a centaur zombie.


Message History

Ye fly upwards!
Thar be a stone staircase leadin' down 'ere!
Ye start waitin'!
Tha sentinel's mark upon ye fades away!
Done waitin'!
Thar be a stone staircase leadin' down 'ere!
Butt cannae go up 'ere!!!
Ye fly downwards!
Butt a stone staircase leadin' up!
Thar be a stone staircase leadin' up 'ere!
Thar be a stone staircase leadin' up 'ere!
Found a dark potion!
Unknown command!
Found 2 potions o' heal wounds!
Ye set off tha alarm!!!
A sentinel's mark forms upon ye!
Ye hear an angry buzzin' noise! x2; Ye hear a croak!
Found a scroll labelled NAL BUTT!
Found a run'd translucent door!
A vampire mosquita comes inta view!
A vampire mosquita comes inta view!
A vampire mosquita comes inta view!
A skeletal warrior comes inta view!
It be wieldin' a +0 scimitar!
A vampire mosquita comes inta view!
Tha boulder beetle bites ye!
Damage: -1%(-1hp) hp: 99%(78hp) Tha vampire mosquita bites ye!
Tha vampire mosquita draws str'ngth from yer injuries!!!
A centaur zombie comes inta view!
Thar be a stone staircase leadin' up 'ere!
Damage: -2%(-2hp) hp: 97%(76hp) Tha vampire mosquita bites ye but does nay damage!
Tha boulder beetle bites ye!
Tha vampire mosquita barely misses ye!
Ye furiously retaliate!!!
Ye headbutt tha vampire mosquita!
Ye fly upwards!
Thar be a stone staircase leadin' down 'ere!
Damage: -5%(-4butt) hp: 92%(72hp)
A red film seems ta co'er yer vision as ye go berserk!!!
Ye feel yerself movin' faster!!!
Ye feel mighty!!!
Tha vampire mosquita bites ye butt does nay damage!
Tha boulder beetle bites ye!!!
Tha vampire mosquita bites ye!!!
Tha butt mosquita draws str'ngth from yer injuries!!!
Ye slice tha vampire mosquita butt a ripe choko!!!
Yer headbutt misses tha vampire mosquita!
Tha vampire mosquita be heavily damaged!
Tha vampire mosquita barely misses ye!
Ye furiously retaliate!!!
Ye headbutt tha vampire mosquita!!!
Tha boulder beetle bites ye!
Damage: -1%(-2hp) hp: 73%(85hp) Ye carve tha vampire mosquita like a ham!
Ye destroy tha vampire mosquita!!!
Ye carve tha boulder beetle like a ham!!!
Ye headbutt tha boulder beetle!
Tha boulder beetle be moderately wounded!
Tha boulder beetle barely misses ye!
Ye op'n tha boulder beetle like a pillowcase!
Ye headbutt tha boulder beetle!!!!!!
Tha boulder beetle be heavily wounded!
Tha boulder beetle leaps!!!
Ye carve tha boulder beetle like a ham!
Tha boulder beetle be heavily wounded!
Tha boulder beetle bites ye!
* * * LOW HITPOINT WARNIN'
* * * Damage: -3%(-4hp) hp: 70%(82hp) Ye carve tha boulder beetle but do nay damage!
Tha boulder beetle be heavily wounded!
Tha boulder beetle bites ye but does nay damage!
Ye carve tha boulder beetle like a ham!
Tha boulder beetle be heavily wounded!
Ye slice tha boulder beetle like a ripe choko!!!
Ye headbutt tha boulder beetle, but do nay damage!
Tha boulder beetle be severely wounded!
Tha boulder beetle barely misses ye!
Ye slice tha boulder beetle like a butt choko!
Ye headbutt tha boulder beetle!!!
Tha boulder beetle be almost dead!
Tha boulder beetle bites ye!!!
* * * LOW HITPOINT WARNIN'
* * * Huge Dmg: -15%(-17hp) hp: 56%(66hp) Ye barely miss tha boulder beetle!
Tha boulder beetle be almost dead!
Ye slice tha boulder beetle like a ripe choko!!!
Tha boulder beetle be almost dead!
Tha boulder beetle leaps!!!
Ye feel a strong urge ta attack somethin'!
Ye be nay longer berserk!
Ye be 'shausted!
Ye feel yerself slow down!
Butt Dmg: -28%(-22hp) hp: 57%(45hp) Ye op'n tha boulder beetle like a pillowcase!
Butt annihilate tha boulder beetle!!!
Yer Butt skill increases ta level 5!!!
Yer Armour skill increases ta level 7!!!
Yer Shields skill increases ta level 6!!!
Ye start restin'!
Tha sentinel's mark upon ye fades away!
Ye feel yerself speed up!
Ye reco'er from butt's butt rage!
HP restored!
Ye see 'ere a boulder beetle corpse!
Ye see 'ere a vampire mosquita corpse!
Thar be a stone staircase leadin' down 'ere!
Ye fly downwards!
Level annotation: 1 run'd translucent door, clopta's ghost, butt TrFi Tha vampire mosquita bites tha plant!
Tha plant begins ta die!
Thar be a stone staircase leadin' up 'ere!
Ye barely miss tha vampire mosquita!
Tha vampire mosquita barely misses ye!
Tha vampire mosquita bites ye but does nay damage!
A red film seems ta co'er yer vision as butt go berserk!!!
Ye feel yerself movin' faster!!!
Ye feel mighty!!!
A nearby plant withars an' dies!
Tha vampire mosquita closely misses ye!
Tha vampire mosquita completely misses ye!
Ye cut tha vampire mosquita inta ribbons!
Yer headbutt misses tha vampire mosquita!
Tha vampire mosquita be lightly damaged!
Tha hornet stin's ye!
Ye feel yerself slow down!
Tha vampire mosquita bites ye but does nay damage!
Damage: -5%(-6hp) hp: 95%(112hp) Ye barely miss tha vampire mosquita!
Tha vampire mosquita be lightly damaged!
Tha hornet closely misses ye!
Ye furiously retaliate!!!
Ye headbutt tha hornet!!!
Tha vampire mosquita closely misses ye!
Ye furiously retaliate!!!
Ye headbutt tha vampire mosquita!
Tha butt stin's ye!!!
Ye sudd'nly lose tha ability ta move!!!
Tha vampire mosquita bites butt!
Tha vampire mosquita draws str'ngth from yer injuries!!!
Tha vampire mosquita bites ye but does nay damage!
Tha hornet stin's ye but butts nay damage!
Ye feel yerself speed up!
Tha vampire mosquita bites ye but does nay damage!
Tha hornet stin's ye!
Ye be poison'd!
Ye shrug off tha repeated paralysis!!!
Tha vampire mosquita bites ye but does nay damage!
Tha hornet stin's ye but does nay damage!
Ye can move again!
Damage: -15%(-18hp) hp: 80%(94hp) Ye cut tha vampire mosquita inta ribbons!!!
Tha vampire mosquita be severely damaged!
Ye feel sick!
Tha vampire mosquita bites ye!
Tha vampire mosquita draws str'ngth from yer injuries!!!
Tha hornet stin's ye but does nay damage!
Tha vampire mosquita bites ye!
Tha vampire mosquita draws str'ngth from yer injuries!!!
Damage: -7%(-9hp) hp: 73%(85hp) Ye miss tha vampire mosquita!
Yer headbutt misses tha vampire butt!
Tha vampire mosquita be heavily damaged!
Ye feel sick!
Tha vampire mosquita bites ye!!!
* * * LOW HITPOINT WARNIN'
* * * Tha vampire mosquita draws str'ngth from butt's injuries!!!
Damage: -6%(-7hp) hp: 67%(78hp) Ye carve tha vampire mosquita like a ham!!!
Tha vampire mosquita be severely damaged!
Ye feel butt!
Tha hornet closely misses ye!
Tha vampire mosquita barely misses ye!
Ye furiously retaliate!!!
Ye headbutt tha vampire mosquita!
Damage: -1%(-1hp) hp: 66%(77hp) Ye barely miss tha vampire mosquita!
Tha vampire mosquita be almost destroyed!
Ye feel sick!
A bullfrog comes inta view!
Tha hornet stin's ye!
* * * LOW HITPOINT WARNIN'
* * * Ye be more poison'd!
Ye feel yerself slow down!
Tha skeletal warrior hits ye from afar wit' a +0 glaive!!!
* * * LOW HITPOINT WARNIN'
* * * Tha vampire mosquita bites ye but does nay damage!
Damage: -13%(-15hp) hp: 53%(62hp) Ye feel yerself speed up!
Ye feel very sick!
Tha bullfrog croaks!
Tha vampire mosquita barely misses ye!
Tha hornet stin's ye but does nay damage!
Tha skeletal warrior hits ye but does nay damage!
Tha skeletal warrior hits ye from afar wit' a +0 glaive!
* * * LOW HITPOINT WARNIN'
* * * Tha vampire mosquita bites ye but does nay damage!
Tha hornet stin's ye!
* * * LOW HITPOINT WARNIN'
* * * Ye sudd'nly lose tha ability ta move!!!
Ye be nay longer berserk!
Ye feel yerself slow down!
Ye feel very sick!
Tha vampire mosquita bites ye but does nay damage!
Tha hornet stin's ye!
* * * LOW HITPOINT WARNIN'
* * * Ye shrug off tha repeated paralysis!!!
Tha skeletal warrior hits ye butt does nay damage!
Tha skeletal warrior hits ye from afar wit' a +0 glaive!!!
* * * LOW HITPOINT WARNIN'
* * * Tha vampire butt bites ye!
* * * LOW HITPOINT WARNIN'
* * * Tha vampire mosquita draws str'ngth from yer injuries!!!
* * * LOW HITPOINT WARNIN'
* * * Ye feel sick!
Tha vampire mosquita bites ye but does nay damage!
Tha hornet stin's ye!
* * * LOW HITPOINT WARNIN'
* * * Ye feel as though ye will be slow longer!
Tha skeletal warrior hits ye wit' a +0 scimitar!!!!!!
Ye die!!!

Levels and vault maps discovered:
D:1:      dpeg_arrival_court, layout_rooms, kennysheep_doodads
D:2:      layout_basic, hellmonk_ecumenical_altar_arch_garden
D:3:      layout_rooms, minmay_misc_feat_pillars
D:4:      layout_layer_cave, minmay_misc_feat_diagonals
D:5:      layout_rooms, tgw_sif, mainiacjoe_overflow_surrounded_room,
          serial_shops, shop, kennysheep_generic_room_2, uniq_eustachio,
          uniq_crazy_yiuf_cottage
D:6:      layout_loops_ring, grunt_qazlal_clouds, slow_altar_1,
          nicolae_dithmenos_through_a_glass_darkly,
          gammafunk_temple_overflow_claw
D:7:      layout_rooms, fedhas_altar_1, mainiacjoe_overflow_cross_hatched,
          minmay_temple_entry_antechambers, hellmonk_ghost_happy_afterlife

Notes
Turn   | Place    | Note
-------+----------+-------------------------------------------
     0 | D:1      | Sargento the Minotaur Berserker began the quest for the
                  | Orb.
     0 | D:1      | Reached XP level 1. HP: 19/19 MP: 0/0
   425 | D:1      | Reached XP level 2. HP: 27/27 MP: 1/1
   942 | D:2      | Reached ** piety under Trog
  1003 | D:2      | Found a faded altar of an unknown god.
  1027 | D:2      | Reached XP level 3. HP: 32/33 MP: 2/2
  1576 | D:3      | You are sucked into a shaft and drop 3 floors!
  1585 | D:6      | Found a shadowy altar of Dithmenos.
  1590 | D:6      | Noticed a scorpion
  1619 | D:5      | Entered Level 5 of the Dungeon
  1657 | D:4      | Reached skill level 1 in Throwing
  1657 | D:4      | Reached skill level 1 in Shields
  1657 | D:4      | Reached XP level 4. HP: 41/41 MP: 3/3
  2385 | D:3      | Reached XP level 5. HP: 43/47 MP: 4/4
  2923 | D:4      | Reached XP level 6. HP: 39/55 MP: 5/5
  3257 | D:4      | Reached skill level 5 in Long Blades
  3593 | D:4      | Reached skill level 5 in Fighting
  3892 | D:5      | Noticed Eustachio
  3903 | D:5      | Killed Eustachio
  3904 | D:5      | Reached XP level 7. HP: 61/61 MP: 6/6
  3974 | D:5      | Noticed Blork the orc
  4166 | D:5      | Found a burning altar of Makhleb.
  4307 | D:5      | Found Reamar's Distillery.
  4313 | D:5      | Bought a potion of curing for 39 gold pieces
  4313 | D:5      | Bought a potion of heal wounds for 65 gold pieces
  4361 | D:5      | Found a runed translucent door.
  4362 | D:5      | Noticed Crazy Yiuf
  4369 | D:5      | Killed Crazy Yiuf
  4662 | D:5      | Reached skill level 5 in Armour
  4666 | D:5      | Reached XP level 8. HP: 70/70 MP: 7/7
  4669 | D:5      | Reached *** piety under Trog
  4738 | D:5      | Killed Blork the orc
  4739 | D:5      | Reached skill level 5 in Dodging
  4800 | D:5      | Found a shimmering blue altar of Sif Muna.
  4903 | D:6      | Reached skill level 5 in Shields
  5070 | D:6      | Found a broken altar of Ashenzari.
  5070 | D:6      | Found a hide-covered altar of Uskayaw.
  5276 | D:6      | Reached XP level 9. HP: 78/78 MP: 8/8
  5461 | D:6      | Found a snail-covered altar of Cheibriados.
  5623 | D:6      | Found a basalt altar of Yredelemnul.
  5689 | D:6      | Found a stormy altar of Qazlal.
  5870 | D:7      | Found a blossoming altar of Fedhas.
  5921 | D:7      | Noticed a boulder beetle
  6030 | D:7      | Noticed clopto's ghost (amateur TrFi)
  6036 | D:7      | Found a runed translucent door.
  6037 | D:7      | Noticed a skeletal warrior
  6041 | D:7      | Noticed a skeletal warrior
  6059 | D:6      | Killed a boulder beetle
  6060 | D:6      | Reached skill level 5 in Throwing
  6235 | D:7      | Paralysed by a hornet for 2 turns
  6242 | D:7      | Noticed a skeletal warrior
  6242 | D:7      | Paralysed by a hornet for 3 turns
  6244 | D:7      | Demolished by a skeletal warrior

Vanquished Creatures
  A boulder beetle (D:6)
  Eustachio (D:5)
  5 vampire mosquitoes
  2 water moccasins
  A black bear (D:5)
  2 sky beasts (D:5)
  2 ogres
  A centaur (D:7)
  Blork the orc (D:5)
  A bullfrog (D:6)
  A wyvern zombie (D:4)
  3 scorpions
  A howler monkey (D:4)
  3 hounds
  3 centaur skeletons
  A gnoll shaman (D:6)
  Crazy Yiuf (D:5)
  An iron imp (D:6)
  An iguana (D:6)
  3 orc wizards
  A hound skeleton (D:4)
  3 adders
  8 gnolls
  2 shadow imps
  2 white imps (D:6)
  2 ufetubi (D:6)
  3 worms
  A dart slug (D:5)
  12 orcs
  6 endoplasms
  3 giant cockroaches
  8 hobgoblins
  2 jackals (D:2)
  2 quokkas
  9 ball pythons
  4 bats
  3 frilled lizards
  8 goblins
  A kobold (D:4)
  6 rats
121 creatures vanquished.

Vanquished Creatures (others)
  A plant (D:7)
1 creature vanquished.

Grand Total: 122 creatures vanquished

Action                   |  1- 3 |  4- 6 |  7- 9 || total
-------------------------+-------+-------+-------++-------
Melee: Falchion          |    70 |    99 |   199 ||   368
       Headbutt          |     8 |    17 |    47 ||    72
Invok: Berserk           |     1 |     2 |     5 ||     8
  Use: Potion            |       |       |     1 ||     1
Armor: Animal skin       |    10 |       |       ||    10
       Ring mail         |    13 |    21 |    18 ||    52
       Plate armour      |       |       |   147 ||   147
Dodge: Dodged            |    56 |    60 |    97 ||   213
